 Dungeon Crawl Stone Soup version 0.30.0-30-g96aa6591b8 (webtiles) character file.

Game seed: 1266781541341910991

26376 wingedge the Basher (level 12, -2/101 HPs)
             Began as a Demigod Wanderer on June 30, 2023.
             Slain by a dream sheep (15 damage)
             ... on level 5 of the Lair of Beasts.
             The game lasted 00:46:07 (15880 turns).

wingedge the Basher (Demigod Wanderer)             Turns: 15880, Time: 00:46:08

Health: -2/101     AC: 20    Str: 15    XL:     12   Next: 60%
Magic:  24/25      EV:  2    Int: 28    God:
Gold:   1063       SH:  0    Dex: 19    Spells: 17/23 levels left

rFire   . . .        a - +8 flail of an ice cave {freeze, Will+ Dex+3 SInv Stlth-}
rCold   + . .        (no shield)
rNeg    . . .        C - +2 leather armour "Ymoti" {rElec rC+ Str+3}
rPois   +            H - +0 helmet
rElec   +            B - +2 cloak {Stlth+}
rCorr   .            P - +1 pair of gloves
SInv    +            r - +2 pair of boots
Will    ++...        q - amulet of magic regeneration
Stlth   +++          L - +4 ring of protection
HPRegen 0.36/turn    p - ring of poison resistance
MPRegen 0.59/turn

%: no passive effects
@: sleeping
A: high MP 1, forlorn, divine attributes
a: no special abilities


You were on level 5 of the Lair of Beasts.
You visited 2 branches of the dungeon, and saw 15 of its levels.

You collected 1063 gold pieces.

Inventory:

Hand Weapons
 a - the +8 flail of an ice cave (weapon) {freeze, Will+ Dex+3 SInv Stlth-}
   (You found it on level 8 of the Dungeon)

   Dex:       It affects your dexterity (+3).
   SInv:      It lets you see invisible.
   Will:      It increases your willpower.
   Stlth:     It makes you less stealthy.
 b - a +2 dagger of venom
 h - a +2 falchion of holy wrath
Missiles
 f - 43 poisoned darts
 t - a curare-tipped dart (quivered)
 R - 5 javelins
 W - 2 throwing nets
Armour
 r - a +2 pair of boots (worn)
 B - a +2 cloak of stealth (worn)
 C - the +2 leather armour "Ymoti" (worn) {rElec rC+ Str+3}
   (You found it on level 3 of the Lair of Beasts)

   Str:       It affects your strength (+3).
   rC:        It protects you from cold.
   rElec:     It insulates you from electricity.
 H - a +0 helmet (worn)
 P - a +1 pair of gloves (worn)
 U - +0 acid dragon scales
Jewellery
 p - a ring of poison resistance (right hand)
 q - an amulet of magic regeneration (around neck)
 u - a +6 ring of intelligence
 w - a ring of magical power
 L - a +4 ring of protection (left hand)
 Z - a +6 ring of strength
Wands
 G - a wand of paralysis (14)
 I - a wand of flame (13)
 S - a wand of light (3)
Scrolls
 e - 2 scrolls of teleportation
 j - 4 scrolls of fog
 k - 2 scrolls of immolation
 l - 2 scrolls of silence
 m - 4 scrolls of blinking
 n - 6 scrolls of magic mapping
 x - a scroll of vulnerability
 y - 3 scrolls of poison
 E - 3 scrolls of amnesia
 J - 3 scrolls of enchant weapon
 M - 3 scrolls of brand weapon
 Q - a scroll of summoning
 T - 2 scrolls of fear
 X - a scroll of noise {unknown}
Potions
 c - a potion of ambrosia {unknown}
 d - 8 potions of curing
 g - a potion of invisibility
 i - 4 potions of heal wounds
 o - 2 potions of cancellation {unknown}
 s - 8 potions of degeneration {unknown}
 v - 3 potions of attraction {unknown}
 z - 2 potions of might {unknown}
 A - 2 potions of lignification {unknown}
 D - 5 potions of mutation {unknown}
 F - 2 potions of resistance
 K - 3 potions of flight {unknown}
 O - a potion of haste {unknown}
 V - a potion of brilliance {unknown}
 Y - a potion of magic {unknown}
Miscellaneous
 N - a lightning rod (4/4)


   Skills:
 - Level 8.0 Fighting
 + Level 11.0 Maces & Flails
 - Level 2.0 Polearms
 - Level 7.0 Armour
 - Level 7.0 Dodging
 - Level 4.0 Stealth
 - Level 6.0 Spellcasting
 - Level 10.0 Summonings


You had 17 spell levels left.
You knew the following spells:

 Your Spells              Type           Power      Damage    Failure   Level
a - Summon Small Mammal   Summ           100%       N/A       1%          1
b - Call Imp              Summ           100%       N/A       1%          2
c - Call Canine Familiar  Summ           59%        N/A       1%          3

Your spell library contained the following spells:

 Spells                   Type           Power      Damage    Failure   Level
 Freeze                   Ice            32%        1d5       7%          1
 Slow                     Hex            32%        N/A       7%          1
 Ensorcelled Hibernation  Hex/Ice        16%        N/A       11%         2
 Passwall                 Tmut/Erth      6%         N/A       11%         2
 Confusing Touch          Hex            8%         N/A       22%         3
 Frozen Ramparts          Ice            16%        1d3       22%         3
 Hailstorm                Conj/Ice       8%         3d4       22%         3
 Portal Projectile        Hex/Tloc       16%        N/A       22%         3
 Swiftness                Air            8%         N/A       22%         3
 Vampiric Draining        Necr           8%         2d6       22%         3
 Leda's Liquefaction      Hex/Erth       4%         N/A       56%         4
 Borgnjor's Revivificati  Necr           4%         N/A       100%        8
 Necromutation            Tmut/Necr      4%         N/A       100%        8
 Death's Door             Necr           4%         N/A       100%        9


Dungeon Overview and Level Annotations

Branches:
Dungeon (10/15)            Temple (0/1) D:6            Lair (5/5) D:8
  Swamp (0/4) Lair:2       Spider (0/4) Lair:3        Slime (0/5) Lair:4
    Orc (0/2) D:10

Shops:
D:8 (


Innate Abilities, Weirdness & Mutations

You have an increased reservoir of magic. (+10% MP)
You shall have no god before yourself.
Your divine heritage dramatically boosts your attributes as you level up.


Message History

The komodo dragon closely misses you.
The dream sheep bites you but does no damage.
The dream sheep closely misses you. The dream sheep barely misses you.
You closely miss the komodo dragon.
Your cerulean imp closely misses the komodo dragon.
Your warg bites the komodo dragon!
The komodo dragon completely misses you.
The dream sheep bites you but does no damage.
The dream sheep bites you. The dream sheep barely misses you.
You sock the komodo dragon! You freeze the komodo dragon.
The komodo dragon is heavily wounded.
Your cerulean imp hits the komodo dragon from afar with a +1 spear.
Your warg completely misses the komodo dragon.
The dream sheep barely misses you.
The dream sheep bites you but does no damage.
The komodo dragon bites you!! The dream sheep bites you.
You barely miss the komodo dragon.
The komodo dragon is heavily wounded.
Your warg bites the komodo dragon!
Your cerulean imp misses the komodo dragon.
You completely miss the komodo dragon.
The komodo dragon is severely wounded.
The komodo dragon bites you!
* * * LOW HITPOINT WARNING * * *
The dream sheep barely misses you. The dream sheep closely misses you.
The dream sheep misses you.
Your warg bites the komodo dragon.
Your cerulean imp hits the komodo dragon from afar with a +1 spear.
You barely miss the komodo dragon.
The komodo dragon is almost dead.
Your warg bites the komodo dragon but does no damage.
The dream sheep bites you!
* * * LOW HITPOINT WARNING * * *
The komodo dragon barely misses your warg.
The dream sheep closely misses you.
The dream sheep shake their wool and sparkle.
You feel drowsy...
You fall asleep.
Your cerulean imp hits the komodo dragon from afar with a +1 spear.
Your warg barely misses the komodo dragon.
The dream sheep bites you!
You die...

.....# ###.....
###.P....# ##
........## ##..
........# .....
.l.....#
......#YY...###
#.....@Y......
###...P.......
#P#5lh...... ..
###....... #..
....... ##
.##.... .. #...
.. ...


You could see a komodo dragon (distracted, ally target), a wyvern, 3 dream
sheep, a friendly warg (summoned) and a friendly cerulean imp (summoned).

Vanquished Creatures
  A hydra (Lair:4)
  A death knight (D:10)
  A black mamba (Lair:2)
  3 torpor snails (Lair:1)
  2 komodo dragons
  A cane toad (Lair:3)
  A freezing wraith (D:10)
  2 trolls
  Prince Ribbit (D:6)
  3 dream sheep
  4 blink frogs (Lair:3)
  2 shadows
  A jumping spider (Lair:2)
  A wyvern (D:9)
  22 yaks
  A basilisk (D:10)
  2 steam dragons
  A swamp worm (Lair:2)
  2 wargs (D:10)
  2 acid dragons (D:10)
  6 water moccasins
  3 orc warriors
  An ice beast (D:8)
  7 wolves
  A centaur (D:9)
  A kobold brigand (D:8)
  7 bullfrogs
  2 nameless horrors
  2 hounds
  An orc priest (D:8)
  A sleepcap (D:3)
  4 orc wizards
  2 adders
  An ufetubus (D:4)
  2 dart slugs
  14 orcs
  6 bats
  3 endoplasms
  3 giant cockroaches
  4 goblins
  4 hobgoblins
  2 jackals (D:3)
  A quokka (D:2)
  4 ball pythons
  A frilled lizard (D:1)
  3 kobolds
  3 rats
143 creatures vanquished.

Vanquished Creatures (collateral kills)
  3 hydras
  A two-headed ogre (D:9)
  A pharaoh ant (Lair:3)
  3 black mambas
  An elephant (Lair:3)
  3 torpor snails
  4 cane toads
  2 komodo dragons
  A kobold demonologist (D:10)
  A rime drake (Lair:1)
  2 trolls (D:10)
  A tarantella (Lair:3)
  A dream sheep (Lair:4)
  A blink frog (Lair:3)
  Sigmund (D:5)
  A wyvern (Lair:3)
  A vampire (D:10)
  11 yaks
  A wraith (D:10)
  2 steam dragons
  4 water moccasins
  An ice beast (D:5)
  An orc warrior (D:10)
  A black bear (Lair:3)
  6 wolves
  A centaur (D:8)
  2 ogres
  2 phantoms
  2 kobold brigands
  5 bullfrogs
  3 scorpions
  3 wights (D:10)
  A killer bee (D:10)
  4 howler monkeys
  A jelly (D:5)
  2 hounds (D:6)
  2 orc priests
  Crazy Yiuf (D:5)
  8 orc wizards
  6 iguanas
  A gnoll (D:7)
  6 adders
  A dart slug (D:1)
  A worm (D:5)
  22 orcs
  5 bats
  3 endoplasms
  5 goblins
  2 hobgoblins
  2 jackals
  4 quokkas
  A ball python (D:3)
  3 frilled lizards
  13 kobolds
  A rat (D:3)
168 creatures vanquished.

Vanquished Creatures (others)
  An orc wizard (D:7)
  A kobold (D:8)
2 creatures vanquished.

Grand Total: 313 creatures vanquished

Notes
Turn   | Place    | Note
-------+----------+-------------------------------------------
     0 | D:1      | wingedge the Demigod Wanderer began the quest for the Orb.
     0 | D:1      | wingedge set off with the following items: a +0 spear, a +0
                  | ring mail, a potion of berserk rage; and the following
                  | spell memorised: Summon Small Mammal; and the following
                  | spells available to memorise: Call Imp, Call Canine
                  | Familiar.
     0 | D:1      | Reached XP level 1. HP: 14/14 MP: 6/6
   330 | D:1      | Reached skill level 1 in Fighting
   402 | D:1      | Reached XP level 2. HP: 23/23 MP: 5/8
   405 | D:1      | Learned a level 2 spell: Call Imp
  1546 | D:2      | Reached XP level 3. HP: 28/28 MP: 5/9
  1669 | D:2      | Learned a level 3 spell: Call Canine Familiar
  2389 | D:3      | Noticed a nameless horror
  2394 | D:3      | Killed a nameless horror
  2399 | D:3      | Reached XP level 4. HP: 36/36 MP: 7/11
  3078 | D:4      | Reached XP level 5. HP: 34/41 MP: 10/12
  3165 | D:4      | Reached skill level 5 in Summonings
  3479 | D:5      | Entered Level 5 of the Dungeon
  3727 | D:5      | Noticed Sigmund
  3749 | D:5      | Killed Sigmund
  3750 | D:5      | Reached XP level 6. HP: 48/48 MP: 13/13
  3808 | D:5      | Found a runed translucent door.
  3809 | D:5      | Noticed Crazy Yiuf
  3836 | D:5      | Killed Crazy Yiuf
  4032 | D:5      | Reached skill level 1 in Stealth
  4198 | D:5      | Reached XP level 7. HP: 34/56 MP: 14/14
  4995 | D:6      | Noticed a steam dragon
  5022 | D:6      | Killed a steam dragon
  5173 | D:6      | Reached XP level 8. HP: 59/66 MP: 15/15
  5338 | D:6      | Noticed Prince Ribbit
  5372 | D:6      | Killed Prince Ribbit
  5503 | D:6      | Found a staircase to the Ecumenical Temple.
  6642 | D:7      | Reached skill level 5 in Fighting
  6661 | D:7      | Reached XP level 9. HP: 45/74 MP: 11/18
  7235 | D:8      | Identified the +8 flail of an ice cave {freeze, Will+ Dex+3
                  | SInv Stlth-}
  7324 | D:8      | Reached skill level 1 in Maces & Flails
  7521 | D:8      | Found a staircase to the Lair.
  8057 | D:8      | Found Urphirho's Weapon Emporium.
  8234 | D:9      | Reached skill level 5 in Spellcasting
  8280 | D:9      | Reached skill level 2 in Maces & Flails
  8394 | D:9      | Noticed a two-headed ogre
  8406 | D:9      | Killed a two-headed ogre
  8407 | D:9      | Reached skill level 5 in Armour
  8407 | D:9      | Reached XP level 10. HP: 61/84 MP: 19/21
  8408 | D:9      | Reached skill level 5 in Dodging
  8814 | D:10     | Entered Level 10 of the Dungeon
  8819 | D:10     | Found a staircase to the Orcish Mines.
  8837 | D:9      | Reached skill level 3 in Maces & Flails
  8994 | D:10     | HP: 3/84 [orc priest/divine providence (15)]
  9307 | D:10     | Noticed an eight-headed hydra
  9575 | D:10     | Killed an eight-headed hydra
  9576 | D:10     | Reached skill level 4 in Maces & Flails
  9894 | D:10     | Noticed a death knight
 10494 | D:10     | Reached XP level 11. HP: 92/92 MP: 24/24
 10547 | D:10     | Killed a death knight
 10674 | Lair:1   | Entered Level 1 of the Lair of Beasts
 10833 | Lair:1   | Reached skill level 5 in Maces & Flails
 11046 | Lair:1   | Reached skill level 10 in Summonings
 11339 | Lair:1   | Reached skill level 6 in Maces & Flails
 11519 | Lair:1   | Reached skill level 7 in Maces & Flails
 12438 | Lair:2   | Noticed a four-headed hydra
 12440 | Lair:2   | Noticed a five-headed hydra
 12718 | Lair:2   | Killed a five-headed hydra
 12814 | Lair:2   | Killed a four-headed hydra
 13070 | Lair:2   | Found a staircase to the Swamp.
 13163 | Lair:3   | Reached skill level 8 in Maces & Flails
 13251 | Lair:3   | Found a hole to the Spider Nest.
 13251 | Lair:3   | Noticed a pharaoh ant
 13348 | Lair:3   | Killed a pharaoh ant
 13417 | Lair:3   | Reached XP level 12. HP: 92/101 MP: 25/25
 13426 | Lair:3   | Reached skill level 9 in Maces & Flails
 13694 | Lair:3   | Identified the +2 leather armour "Ymoti" {rElec rC+ Str+3}
 13882 | Lair:3   | Reached skill level 10 in Maces & Flails
 15178 | Lair:4   | Found a staircase to the Slime Pits.
 15200 | Lair:4   | Noticed a four-headed hydra
 15213 | Lair:4   | Killed a four-headed hydra
 15788 | Lair:5   | Entered Level 5 of the Lair of Beasts
 15808 | Lair:4   | Reached skill level 11 in Maces & Flails
 15880 | Lair:5   | Slain by a dream sheep

Illustrated notes

Levels and vault maps discovered:
D:1:      tarquinn_simple_flora_water_c, layout_loops_ring
D:2:      layout_basic, basic_altar
D:3:      layout_rooms, nicolae_qazlal_general_emergency, basic_ecumenical_altar
D:4:      layout_basic, nicolae_wu_jian_wuxing_cycle, marbit_many_paths,
          kennysheep_generic_room_16
D:5:      layout_basic, overflow_temple_1_default, serial_bayou_lagoon_b,
          uniq_crazy_yiuf_cottage, uniq_sigmund
D:6:      layout_basic, minmay_temple_entry_overgrown,
          nicolae_figureground_sparkle, uniq_prince_ribbit1
D:7:      layout_loops_ring, mainiacjoe_overflow_catch_the_wave, tgw_xom,
          minmay_misc_feat_diagonals, supply_closet_lemuel, eino_tiny_chamber
D:8:      layout_cave_pods, bloody_trog, dpeg_oklobed_lair, serial_shops,
          shop_fountains
D:9:      layout_rooms, nicolae_ru_path_of_blood, serial_curves, eino_curves_02,
          eino_curves_04, eino_curves_01, eino_curves_03, roderic_batcave
D:10:     nzn_winding_woodlands_three_and_one [nzn_winding_woodlands_5x15_pool,
          nzn_winding_woodlands_5x15_twine,
          nzn_winding_woodlands_5x15_split_checker,
          nzn_winding_woodlands_center_lodge], layout_rooms,
          mainiacjoe_overflow_catwalk_spiral, david_orc_3
Lair:1:   layout_regular_city, kennysheep_snail_temple, uniq_urug
Lair:2:   layout_loops_ring, palyth_hydra_swamp_entry, lemuel_fruit_tree
Lair:3:   layout_regular_city, nicolae_spider_entry_lesser_pyramids,
          beast_lair_carwin_1
Lair:4:   layout_cave_pods, dpeg_slime_entry_enclosed, grunt_megastairs_5
Lair:5:   guppyfry_lair_end_dragon, layout_gridlike,
          hangedman_lair_tendril_chambers, hellmonk_ghost_happy_afterlife,
          nicolae_quartered_pool_impasse

Skill      XL: |  1  2  3  4  5  6  7  8  9 10 11 12 |
---------------+-------------------------------------+-----
Fighting       | 1 2 3 5 6 7 8 |  8.0
Summonings     | 3 4 5 6 7 8 9 10 | 10.0
Spellcasting   | 3 4 5 6 |  6.0
Armour         | 2 3 4 5 6 7 |  7.0
Polearms       | 2 |  2.0
Stealth        | 1 2 3 4 |  4.0
Dodging        | 2 3 4 5 6 7 |  7.0
Maces & Flails | 2 4 8 11 | 11.0

Action                     |  1- 3 |  4- 6 |  7- 9 | 10-12 || total
---------------------------+-------+-------+-------+-------++-------
  Melee: Spear             |   102 |    63 |    83 |       ||   248
         Punch             |     1 |       |     3 |     8 ||    12
         War axe           |       |       |    58 |       ||    58
         Flail             |       |       |    36 |   373 ||   409
  Throw: Dart              |       |       |     1 |     1 ||     2
   Cast: Summon Small Mamm |    35 |     8 |    25 |    13 ||    81
         Call Imp          |    24 |    18 |    32 |    54 ||   128
         Call Canine Famil |       |    20 |    50 |    83 ||   153
    Use: Scroll            |     8 |     1 |     3 |     6 ||    18
         Potion            |     1 |       |     1 |     2 ||     4
   Stab: Sleeping          |     1 |       |     1 |       ||     2
         Distracted        |       |     3 |     6 |     9 ||    18
 Armour: Skin              |    14 |     2 |       |       ||    16
         Ring mail         |     6 |       |    17 |       ||    23
         Robe              |       |     9 |       |       ||     9
         Leather armour    |       |     2 |     8 |   108 ||   118
         Steam dragon scal |       |       |    74 |       ||    74
         Acid dragon scale |       |       |       |    96 ||    96
  Dodge: Dodged            |    54 |    43 |   107 |   306 ||   510
